 Dungeon Crawl Stone Soup version 0.23.1 (webtiles) character file.

Game seed: 12017618349726358163

4384 PentaManta the Fighter (level 10, -4/66 HPs)
             Began as an Octopode Fighter on Mar 10, 2019.
             Was a Believer of Nemelex Xobeh.
             Slain by Erica
             ... wielding a +4 scimitar of flaming
              (9 damage)
             ... on level 8 of the Dungeon.
             The game lasted 00:29:23 (8607 turns).

PentaManta the Fighter (Octopode Fighter)           Turns: 8607, Time: 00:29:24

Health: -4/66      AC:  3    Str: 18    XL:     10   Next: 35%
Magic:  10/10      EV: 13    Int: 13    God:    Nemelex Xobeh [**....]
Gold:   464        SH: 12    Dex: 12    Spells: 9/9 levels left

rFire    . . .     SeeInvis .   a - +0 war axe
rCold    . . .     Gourm    .   b - +1 shield
rNeg     . . .     Faith    .   (helmet restricted)
rPois    .         Spirit   .   (no amulet)
rElec    .         Reflect  .   p - ring of wizardry
rCorr    .         Harm     .   (no ring)
MR       .....                  (no ring)
Stlth    ++........             (no ring)
HPRegen  0.21/turn              (no ring)
MPRegen  0.12/turn              (no ring)
                                (no ring)
                                (no ring)

@: lethally poisoned (-4 -> -17)
A: almost no armour, stealthy swim, amphibious, 8 rings, constrict 8, yellow
scales 1, camouflage 1, clever 1, frail 1, gelatinous body 1
a: Draw Escape, Draw Destruction, Draw Summoning, Renounce Religion


You were on level 8 of the Dungeon.
You worshipped Nemelex Xobeh.
Nemelex Xobeh was pleased with you.
You were very hungry.

You visited 2 branches of the dungeon, and saw 9 of its levels.

You collected 464 gold pieces.

Inventory:

Hand Weapons
 a - a +0 war axe (weapon)
 f - the +3 whip of Annihilation {slash, *Slow Dex+3 Stlth+}
   (You found it on level 6 of the Dungeon)

   It inflicts extra damage upon your enemies.
   It affects your dexterity (+3).
   It may slow you when you take damage.
   It makes you more stealthy.
 l - a +0 hand axe of freezing
 t - a +0 whip of electrocution
Missiles
 c - 2 throwing nets (quivered)
Armour
 b - a +1 shield (worn)
Jewellery
 p - a ring of wizardry (left tentacle)
Wands
 j - a wand of clouds (5)
 o - a wand of disintegration (12)
 q - a wand of polymorph (3)
 w - a wand of random effects (7)
 B - a wand of iceblast (7)
Scrolls
 e - 4 scrolls of teleportation
 h - 2 scrolls of amnesia {unknown}
 k - a scroll of torment {unknown}
 m - 4 scrolls of remove curse
 n - a scroll of enchant armour
 v - a scroll of enchant weapon
 x - a scroll of fear
 y - a scroll of blinking
Potions
 g - a potion of ambrosia
 i - a potion of heal wounds
 r - a potion of haste {unknown}
 s - a potion of brilliance
 u - a potion of berserk rage {unknown}
 z - a potion of lignification {unknown}
 A - a potion of magic {unknown}
Comestibles
 d - 16 rations


   Skills:
 + Level 9.1 Fighting
 + Level 8.8 Axes
 - Level 3.0 Dodging
 + Level 9.1 Shields


You had 9 spell levels left.
You didn't know any spells.
Your spell library contained the following spells:

 Spells                   Type           Power        Failure   Level  Hunger
 Confusing Touch          Hex            #.....       26%         1    ##.....
 Magic Dart               Conj           #...         26%         1    ##.....
 Shock                    Conj/Air       #...         26%         1    ##.....
 Blink                    Tloc           N/A          36%         2    ###....
 Call Imp                 Summ           #.......     36%         2    ###....
 Slow                     Hex            #.......     36%         2    ###....
 Swiftness                Chrm/Air       #.......     36%         2    ###....
 Confuse                  Hex            #.......     58%         3    ####...
 Conjure Flame            Conj/Fire      #.......     58%         3    ####...
 Gell's Gravitas          Tloc           #.........   58%         3    ####...
 Mephitic Cloud           Conj/Pois/Air  #.......     58%         3    ####...
 Static Discharge         Conj/Air       #.......     58%         3    ####...
 Airstrike                Air            #.........   92%         4    #####..
 Petrify                  Tmut/Erth      #.......     92%         4    #####..
 Lightning Bolt           Conj/Air       #.........   99%         5    ######.
 Metabolic Englaciation   Hex/Ice        #.........   99%         5    ######.
 Yara's Violent Unravell  Hex/Tmut       #.........   99%         5    ######.


Dungeon Overview and Level Annotations

Branches:
Dungeon (8/15)             Temple (1/1) D:4
   Lair: D:8-11

Altars:
Ashenzari
Cheibriados
Dithmenos
Elyvilon
Fedhas
Gozag
Kikubaaqudgha
Makhleb
Nemelex Xobeh
Okawaru
Qazlal
Ru
Sif Muna
Trog
Uskayaw
Vehumet
Wu Jian
Xom
Yredelemnul
Zin
The Shining One

Annotations:
D:8 Erica


Innate Abilities, Weirdness & Mutations

You cannot wear most types of armour.
You are very stealthy in the water. (Stealth+)
You are amphibious.
You can wear up to eight rings at the same time.
You can use your tentacles to constrict eight enemies at once.
Your skin changes colour to match your surroundings (Stealth+).
Your rubbery body absorbs attacks. (AC +1, EV +1)
You are partially covered in yellow scales. (AC +2)
Your mind is acute. (Int +2)
You are frail. (-10% HP)


Message History

The fireball engulfs you.
Deactivating autopickup; reactivate with Ctrl-A.
You slash something!
Reactivating autopickup.
You feel a bit more experienced.
Erica points at you and mumbles some strange words.
The orb of energy hits you!!
Ouch! That really hurt!
The orb of energy explodes!
Your shield prevents you from hitting Erica.
Your grab misses Erica.
Erica is moderately wounded.
Erica screams, "I'll never tell where it is!"
Erica casts a spell at you. The bolt of poison hits you!!
You are poisoned.
* * * LOW HITPOINT WARNING * * *
Erica hits you with a +4 scimitar of flaming!
You die...
Your body glows with a rainbow of weird colours and disappears.

# ####.............#
#
###.>.....####..####
###<..##..###....##
....####..# #.####
.#### #..###.## . .#
..###...# #.. .#
..## #...# ###....
..
...####...##..).##.
.#
..........@@......
..
..###.............
.# ...#
#....###$..... ..
...##.....# .#....
... ...#...#... #
... ..###...#.......
.. ..........#.....#
. .......#..#.....#
................


You could see Erica.

Vanquished Creatures
  A two-headed ogre (D:8)
  Pikel (D:7)
  Joseph (D:7)
  Sigmund (D:2)
  Eustachio (D:4)
  Menkaure (D:7)
  2 ice beasts
  3 phantoms
  A sky beast (D:8)
  2 centaurs
  2 ogres
  A big kobold (D:8)
  4 bullfrogs
  Blork the orc (D:4)
  A wyvern zombie (D:8)
  3 scorpions
  A wight (D:8)
  A centaur zombie (D:8)
  7 crimson imps
  A bullfrog zombie (D:7)
  A quasit (D:7)
  2 hounds
  An orc priest (D:7)
  3 jellies (D:5)
  2 orc wizards
  Jessica (D:2)
  2 bullfrog skeletons
  Ijyb (D:3)
  Natasha (thrice) (D:2)
  2 iguanas
  4 worker ants
  A hound zombie (D:6)
  A hound skeleton (D:8)
  A mummy (D:8)
  A worker ant zombie (D:8)
  14 adders
  3 shadow imps
  6 oozes
  An adder zombie (D:5)
  2 adder skeletons (D:4)
  2 worms
  2 dart slugs (D:2)
  22 orcs
  2 ball pythons
  11 giant cockroaches
  6 goblins
  9 hobgoblins
  11 jackals
  4 quokkas
  5 bats
  7 frilled lizards
  11 kobolds
  A leopard gecko zombie (D:8)
  A quokka zombie (D:5)
  4 rats
186 creatures vanquished.

Vanquished Creatures (others)
  4 slaves (D:7)
  An orc warrior (D:7)
  A phantom (D:7)
  An orc (D:7)
7 creatures vanquished.

Grand Total: 193 creatures vanquished

Notes
Turn   | Place    | Note
-------+----------+-------------------------------------------
     0 | D:1      | PentaManta the Octopode Fighter began the quest for the
                  | Orb.
     0 | D:1      | Reached XP level 1. HP: 16/16 MP: 1/1
    32 | D:1      | You fall through a shaft!
    33 | D:2      | Noticed a bullfrog
    35 | D:2      | Noticed Sigmund
    38 | D:2      | Killed a bullfrog
    38 | D:2      | Reached XP level 2. HP: 8/22 MP: 2/2
    38 | D:2      | Reached XP level 3. HP: 10/27 MP: 3/3
    38 | D:2      | Reached XP level 4. HP: 12/33 MP: 4/4
    49 | D:2      | Killed Sigmund
    49 | D:2      | Reached XP level 5. HP: 15/38 MP: 5/5
    49 | D:2      | Reached XP level 6. HP: 18/44 MP: 6/6
   402 | D:2      | Noticed Jessica
   408 | D:2      | Killed Jessica
   421 | D:2      | Noticed Natasha
   433 | D:2      | Killed Natasha
   489 | D:2      | Noticed Natasha
   495 | D:2      | Killed Natasha
   556 | D:2      | Noticed Natasha
   561 | D:2      | Killed Natasha
  1031 | D:1      | Reached skill level 5 in Fighting
  1447 | D:3      | Reached skill level 5 in Shields
  1462 | D:3      | Reached XP level 7. HP: 49/50 MP: 7/7
  1836 | D:3      | Noticed Ijyb
  1848 | D:3      | Killed Ijyb
  1854 | D:3      | Found a burning altar of Makhleb.
  2371 | D:4      | Noticed Blork the orc
  2378 | D:4      | Killed Blork the orc
  2442 | D:4      | Gained mutation: You evolve. [potion of mutation]
  2442 | D:4      | Gained mutation: One of your tentacles bears a spike.
                  | [potion of mutation]
  2520 | D:4      | Found a sacrificial altar of Ru.
  2522 | D:4      | Reached skill level 5 in Axes
  2566 | D:4      | Noticed Eustachio
  2591 | D:4      | Killed Eustachio
  2591 | D:4      | Reached XP level 8. HP: 40/57 MP: 8/8
  2926 | D:4      | Found a staircase to the Ecumenical Temple.
  2992 | Temple   | Entered the Ecumenical Temple
  3215 | Temple   | Became a worshipper of Nemelex Xobeh the Trickster
  3289 | D:4      | Received a gift from Nemelex Xobeh
  3455 | D:5      | Entered Level 5 of the Dungeon
  3679 | D:5      | Gained mutation: You are partially covered in yellow
                  | scales. (AC +2) [evolution]
  3883 | D:5      | Found a sparkling altar of Nemelex Xobeh.
  3932 | D:5      | Found a burning altar of Makhleb.
  3936 | D:5      | Found an iron altar of Okawaru.
  4173 | D:5      | Gained mutation: You are frail. (-10% HP) [evolution]
  4301 | D:5      | Lost mutation: You are frail. (-10% HP) [potion of
                  | mutation]
  4301 | D:5      | Lost mutation: You evolve. [potion of mutation]
  4301 | D:5      | Lost mutation: One of your tentacles bears a spike. [potion
                  | of mutation]
  4301 | D:5      | Gained mutation: You are frail. (-10% HP) [potion of
                  | mutation]
  4301 | D:5      | Gained mutation: Your mind is acute. (Int +2) [potion of
                  | mutation]
  4497 | D:5      | Found a hide-covered altar of Uskayaw.
  4497 | D:5      | Found a white marble altar of Elyvilon.
  4498 | D:5      | Found a glowing silver altar of Zin.
  5084 | D:6      | Got a steaming whip
  5085 | D:6      | Identified the +3 whip of Annihilation {slash, *Slow Dex+3
                  | Stlth+} (You found it on level 6 of the Dungeon)
  5094 | D:6      | Reached * piety under Nemelex Xobeh
  5094 | D:6      | Received a gift from Nemelex Xobeh
  5118 | D:6      | Found a stormy altar of Qazlal.
  5119 | D:6      | Noticed a water elemental
  5120 | D:6      | Noticed an air elemental
  5230 | D:6      | Found a glowing golden altar of the Shining One.
  5232 | D:6      | Noticed an angel
  5253 | D:6      | Found a basalt altar of Yredelemnul.
  5255 | D:6      | Noticed a profane servitor
  5413 | D:6      | Reached XP level 9. HP: 49/57 MP: 9/9
  6038 | D:7      | Received a gift from Nemelex Xobeh
  6062 | D:7      | Noticed Pikel
  6072 | D:7      | Killed Pikel
  6540 | D:7      | Reached ** piety under Nemelex Xobeh
  6540 | D:7      | Noticed Joseph
  6549 | D:7      | Killed Joseph
  6577 | D:7      | Noticed Menkaure
  6682 | D:7      | Killed Menkaure
  7637 | D:8      | Reached XP level 10. HP: 65/65 MP: 10/10
  7784 | D:8      | Received a gift from Nemelex Xobeh
  8039 | D:8      | Noticed a two-headed ogre
  8598 | D:8      | Noticed Erica
  8603 | D:8      | Killed a two-headed ogre
  8607 | D:8      | Slain by Erica

Skill      XL: |  1  2  3  4  5  6  7  8  9 10 |
---------------+-------------------------------+-----
Axes           | 3 4 5 6 8 |  8.8
Fighting       | 4 5 7 8 9 |  9.1
Shields        | 4 5 7 8 9 |  9.1
Dodging        | |  3.0

Action                   |  1- 3 |  4- 6 |  7- 9 | 10-12 || total
-------------------------+-------+-------+-------+-------++-------
Melee: War axe           |     6 |    89 |   270 |    76 ||   441
       Constrict         |     1 |    23 |    62 |    10 ||    96
       Tentacles         |     1 |    16 |    45 |    19 ||    81
       Hand axe          |       |       |    11 |       ||    11
       Kick              |       |       |    21 |       ||    21
Throw: Throwing net      |       |       |     4 |       ||     4
 Abil: Draw Destruction  |       |       |     2 |       ||     2
Evoke: Wand              |       |       |     1 |     9 ||    10
  Use: Potion            |       |     1 |     5 |       ||     6
       Scroll            |       |       |    15 |       ||    15
 Stab: Sleeping          |       |     8 |    16 |       ||    24
       Distracted        |       |     1 |     2 |       ||     3
       Held in net/web   |       |       |     1 |       ||     1
       Paralysed         |       |       |     1 |       ||     1
  Eat: Chunk             |       |     1 |     9 |     3 ||    13
       Ration            |       |       |     3 |       ||     3
Armor: Skin              |     1 |     6 |    29 |     9 ||    45
Dodge: Dodged            |     3 |    30 |   137 |    21 ||   191
Block: Shield            |     1 |    44 |   152 |    34 ||   231
